 Dungeon Crawl Stone Soup version 0.29-a0-857-g9b1aa3ac5b (webtiles) character file.

Game seed: 7235419837856403051

25 nxtlvl the Ducker (level 2, 0/18 HPs)
             Began as a Deep Elf Monk on July 16, 2022.
             Slain by a hobgoblin (5 damage)
             ... led by Robin
             ... on level 2 of the Dungeon.
             The game lasted 00:06:39 (612 turns).

nxtlvl the Ducker (Deep Elf Monk)                    Turns: 612, Time: 00:06:39

Health: 0/18       AC:  2    Str:  8    XL:     2   Next: 86%
Magic:  4/4        EV: 13    Int: 14    God:
Gold:   35         SH:  0    Dex: 17    Spells: 1/1 levels left

rFire   . . .      SeeInvis .   b - +4 dagger
rCold   . . .      Faith    .   (no shield)
rNeg    . . .      Spirit   .   d - +0 robe
rPois   .          Reflect  .   (no helmet)
rElec   .          Harm     .   (no cloak)
rCorr   .          Rampage  .   (no gloves)
Will    .....                   (no boots)
Stlth   ++........              (no amulet)
HPRegen 0.06/turn               (no ring)
MPRegen 0.09/turn               (no ring)

@: no status effects
A: no striking features
a: no special abilities


You were on level 2 of the Dungeon.
You visited 1 branch of the dungeon, and saw 2 of its levels.

You collected 35 gold pieces.

Inventory:

Hand Weapons
 a - a +0 falchion
 b - a +4 dagger (weapon)
Armour
 d - a +0 robe (worn)
Magical Staves
 f - a staff of cold
Scrolls
 g - a scroll of brand weapon {unknown}
 h - a scroll of teleportation {unknown}
 i - a scroll of identify {unknown}
 j - a scroll of fog {unknown}
 k - a scroll of torment {unknown}
Potions
 c - a potion of ambrosia
 e - a potion of mutation {unknown}


   Skills:
 + Level 2.7 Fighting
 * Level 3.4 Long Blades
 - Level 3.6 Dodging
 - Level 2.4 Stealth


You had one spell level left.
You didn't know any spells.
Your spell library was empty.

Dungeon Overview and Level Annotations

Branches:
Dungeon (2/15)

Altars:

Annotations:
D:2 Natasha, Robin


Message History

You kill the bat!
You hit the goblin.
You kill the goblin!
You close the door.
You hit the goblin.
You kill the goblin!
You see here a +0 dagger.
You see here a +0 dagger.
You see here a +0 club.
Robin, a goblin and a hobgoblin come into view.
Robin is wielding a +0 club and carrying a wand of flame (8).
The hobgoblin shouts! x2; You hear a shout! x2
Robin throws the goblin at you!
The hobgoblin moves out of view.
You hear a shout!
The goblin shouts! x2; You hear a shout!
Unknown command.
You see here a +0 club.
You see here a +0 dagger.
The goblin attacks as you move away! The goblin closely misses you.
The goblin attacks as you move away! The goblin hits you with a +0 club.
You see here a +0 dagger.
You hit the goblin.
The goblin is almost dead.
The goblin hits you with a +0 club.
You hit the goblin.
You kill the goblin!
You barely miss the goblin. The goblin hits you with a +0 club.
You hit the goblin but do no damage. The goblin closely misses you.
You hit the goblin.
You kill the goblin!
You closely miss the goblin. The goblin hits you with a +0 dagger.
You puncture the goblin!
You kill the goblin!
Robin roars a battlecry!
The hobgoblin goes into a battle-frenzy!
You completely miss the hobgoblin. The hobgoblin hits you.
* * * LOW HITPOINT WARNING * * *
You hit the hobgoblin.
The hobgoblin is severely wounded.
The hobgoblin hits you.
You die...

##### #.)..
###....##################
.....!.+@g...g)g.........
##.....##########.###.#.#
#..... #.###...# #.....
#########.g...... h..?...
..........g...... #######
...(.[.<..#......
..........###g...
.........).......
........##.###.##


You could see Robin and 2 hobgoblins.

Vanquished Creatures
  3 bats
  An endoplasm (D:1)
  A giant cockroach (D:2)
  8 goblins
  A hobgoblin (D:1)
  A quokka (D:2)
  2 ball pythons (D:1)
  2 frilled lizards
  2 kobolds (D:1)
  2 rats (D:1)
23 creatures vanquished.

Notes
Turn   | Place    | Note
-------+----------+-------------------------------------------
     0 | D:1      | nxtlvl the Deep Elf Monk began the quest for the Orb.
     0 | D:1      | Reached XP level 1. HP: 13/13 MP: 3/3
   281 | D:1      | Reached XP level 2. HP: 12/18 MP: 4/4
   303 | D:1      | Found a faded altar of an unknown god.
   559 | D:2      | Noticed Natasha
   595 | D:2      | Noticed Robin
   612 | D:2      | Slain by a hobgoblin

Illustrated notes

Levels and vault maps discovered:
D:1:      minmay_arrival_arboretum_small, layout_basic,
          shapermc_ecumenical_altar_totnotflames, minmay_splitting_lines
D:2:      layout_basic, uniq_natasha, uniq_robin

Skill      XL: |  1 |
---------------+----+-----
Long Blades    | 3 |  3.4
Fighting       | |  2.7
Dodging        | |  3.6
Stealth        | |  2.4

Action                   || total
-------------------------++-------
Melee: Dagger            ||    50
       Falchion          ||     5
 Stab: Sleeping          ||     1
Armor: Robe              ||     3
Dodge: Dodged            ||    23

Table legend: (Time is in decaauts)
 A = Elapsed time spent in this place.
 B = Non-inter-level travel time spent in this place.
 C = Inter-level travel time spent in this place.
 D = Time resting spent in this place.
 E = Time spent auto-exploring this place.
 F = Levels seen in this place.
 G = Mean time per level.
                   A        B        C        D        E       F      G
               +--------+--------+--------+--------+--------+-----+--------+
         Total |    607 |    607 |      0 |      0 |      0 |   2 |  303.5 |
       Dungeon |    607 |    607 |      0 |      0 |      0 |   2 |  303.5 |
               +--------+--------+--------+--------+--------+-----+--------+

Top non-repeatable levels by time:
     D:1: 496 daAuts
     D:2: 110 daAuts
